 Dungeon Crawl Stone Soup version 0.30-a0-778-g2ef04afb54 (webtiles) character file.

Game seed: 63113881438752494

11944 cforsyth the Convoker (level 11, -7/54 HPs)
             Began as a Tengu Summoner on Feb 16, 2023.
             Was an Initiate of Gozag.
             Shot with an arrow by an orc knight (24 damage)
             ... on level 11 of the Dungeon.
             The game lasted 00:29:11 (12886 turns).

cforsyth the Convoker (Tengu Summoner)             Turns: 12886, Time: 00:29:12

Health: -7/54      AC:  5    Str:  8    XL:     11   Next: 85%
Magic:  5/28       EV: 20    Int: 25    God:    Gozag
Gold:   1589       SH:  5    Dex: 16    Spells: 21/34 levels left

rFire   . . .      SeeInvis .    O - +1 dagger "Beast's Death Toll" {speed, +Blink rElec}
rCold   . . .      Faith    .    (no shield)
rNeg    . . .      Spirit   .    a - +0 robe
rPois   .          Reflect  +    (helmet restricted)
rElec   +          Harm     .    I - +0 cloak
rCorr   .          Rampage  .    e - +1 pair of gloves
Will    .....                    (boots unavailable)
Stlth   ++                       j - amulet of reflection
HPRegen 0.29/turn                t - +5 ring of evasion
MPRegen 0.21/turn                r - +6 ring of intelligence

@: flying quickly and evasively, quick
A: beak, talons 3, nimble flight
a: Renounce Religion, Evoke Blink, Potion Petition, Call Merchant, Bribe Branch


You were on level 11 of the Dungeon.
You worshipped Gozag.
Gozag was most pleased with you.
You visited 2 branches of the dungeon, and saw 12 of its levels.

You collected 1669 gold pieces.
You paid 80 gold pieces to Gozag.

Inventory:

Hand Weapons
 O - the +1 dagger "Beast's Death Toll" (weapon) {speed, +Blink rElec}
   (You found it on level 11 of the Dungeon)

   rElec:     It insulates you from electricity.
   +Blink:    It lets you blink.
Armour
 a - a +0 robe (worn)
 e - a +1 pair of gloves (worn)
 I - a +0 cloak (worn)
Jewellery
 g - a ring of positive energy
 j - an amulet of reflection (around neck)
 l - a ring of poison resistance
 r - a +6 ring of intelligence (right hand)
 t - a +5 ring of evasion (left hand)
 y - a ring of positive energy
 F - a ring of protection from fire
 K - a ring of resist corrosion
Wands
 z - a wand of paralysis (21)
 D - a wand of mindburst (17)
 G - a wand of flame (8)
 N - a wand of iceblast (2)
Scrolls
 d - 5 scrolls of magic mapping
 i - 7 scrolls of teleportation
 k - 2 scrolls of vulnerability
 n - 6 scrolls of immolation
 p - a scroll of torment {unknown}
 q - 2 scrolls of poison
 s - 2 scrolls of enchant armour
 u - 2 scrolls of blinking
 v - a scroll of silence
 w - a scroll of fog
 x - a scroll of summoning
 L - a scroll of enchant weapon {unknown}
Potions
 b - 2 potions of magic
 c - 3 potions of haste
 f - 2 potions of flight
 h - 6 potions of curing
 m - 3 potions of brilliance
 o - 3 potions of might
 A - 3 potions of ambrosia
 B - 2 potions of berserk rage
 C - a potion of attraction
 E - 2 potions of degeneration
 H - a potion of cancellation
 J - a potion of lignification {unknown}
 M - a potion of resistance {unknown}


   Skills:
 - Level 2.1 Dodging
 - Level 2.0 Stealth
 + Level 12.2 Spellcasting
 + Level 16.0 Summonings


You had 21 spell levels left.
You knew the following spells:

 Your Spells              Type           Power      Damage    Failure   Level
a - Summon Small Mammal   Summ           100%       N/A       0%          1
b - Call Imp              Summ           77%        N/A       0%          2
c - Call Canine Familiar  Summ           77%        N/A       0%          3
d - Summon Guardian Gole  Hex/Summ       53%        N/A       1%          3
e - Summon Lightning Spi  Summ/Air       53%        N/A       1%          4

Your spell library contained the following spells:

 Spells                   Type           Power      Damage    Failure   Level
 Ensorcelled Hibernation  Hex/Ice        30%        N/A       6%          2
 Passwall                 Tmut/Erth      12%        N/A       6%          2
 Ignite Poison            Fire/Tmut/Pois 15%        N/A       12%         3
 Kindle Blastsparks       Fire/Tloc/Air  30%        2d12      12%         3
 Portal Projectile        Hex/Tloc       30%        N/A       12%         3
 Swiftness                Air            15%        N/A       12%         3
 Tukima's Dance           Hex            15%        N/A       12%         3
 Leda's Liquefaction      Hex/Erth       7%         N/A       36%         4
 Blade Hands              Tmut           7%         N/A       73%         5
 Freezing Cloud           Conj/Ice/Air   7%         6-21      73%         5


Dungeon Overview and Level Annotations

Branches:
Dungeon (11/15)            Temple (1/1) D:6            Lair (0/5) D:10
    Orc (0/2) D:9

Altars:
Ashenzari
Cheibriados
Dithmenos
Elyvilon
Fedhas
Gozag
Kikubaaqudgha
Nemelex Xobeh
Qazlal
Ru
Sif Muna
Trog
Uskayaw
Vehumet
Wu Jian
Xom
Yredelemnul
Zin
The Shining One

Shops:
D:4 (

Portals:
Trove: D:10 (give 7 scrolls of fear)

Annotations:
D:3 2 runed translucent doors, Esekla's ghost, weakling VSDe
D:10 exclusions: ice statue and obsidian statue


Innate Abilities, Weirdness & Mutations

You have a beak for a mouth.
You have claws for feet.
Your magical nature lets you fly swiftly and evasively.


Message History

The orc knight wields a +0 dire flail.
The orc knight hits your crimson imp with a +0 dire flail!
Your crimson imp barely misses the orc knight.
Your guardian golem is engulfed in blazing flames.
The orc knight misses your crimson imp.
Your guardian golem is engulfed in blazing flames.
The orc knight unwields a +0 dire flail.
The orc knight wields a +0 longbow.
The orc knight shoots an arrow.
The arrow hits your guardian golem!!
Your crimson imp closely misses the orc knight.
Your guardian golem overheats!
The orc knight unwields a +0 longbow.
The orc knight wields a +0 dire flail.
The orc knight hits your guardian golem with a +0 dire flail!!
Flame seeps out of your guardian golem.
Your crimson imp hits the orc knight.
Your guardian golem is engulfed in blazing flames.
Flame seeps out of your guardian golem.
The orc knight hits your crimson imp with a +0 dire flail!!
Your crimson imp dies!
Your crimson imp disappears in a puff of smoke!
Your guardian golem disappears in a puff of smoke!
Your guardian golem explodes!
The fiery explosion engulfs the orc knight!!
The fiery explosion engulfs your warg!!
Your warg is engulfed in blazing flames.
Your warg dies!
Your warg's corpse disappears in a puff of smoke!
Casting: Summon Guardian Golem (safe; 1% risk of failure)
Confirm with . or Enter, or press ? or * to list all spells.
A guardian golem appears, shielding your allies.
Your lightning spire disappears in a puff of smoke!
The orc knight is engulfed in blazing flames.
The orc knight unwields a +0 dire flail.
The orc knight wields a +0 longbow.
The orc knight shoots an arrow.
The arrow hits you!
Casting: Summon Guardian Golem (safe; 1% risk of failure)
Confirm with . or Enter, or press ? or * to list all spells.
An electric hum fills the air.
The orc knight shoots an arrow.
The arrow hits you!!
You die...
Your body crumbles into a pile of gold.

..........######.
#..................'.
#.............######.
.............# ..
............# ...
#.#...######### ....
#.#...# ....# #.#8..#
..... #.#.@.# #.....
#.#9..# #.#...#
..#####.#§..######
#.$$$..§o§.........
#.#####§###########
#.# #.# #.#


You could see an orc knight (ally target), a friendly guardian golem (summoned)
and a friendly lightning spire (summoned, sheltered).

Vanquished Creatures
  A deep elf pyromancer (D:11)
  A hornet (D:4)
  2 centaurs
  A killer bee (D:8)
  A bat (D:1)
  A hobgoblin (D:1)
  A ball python (D:1)
8 creatures vanquished.

Vanquished Creatures (collateral kills)
  Erolcha (D:9)
  A deep troll (D:11)
  A cyclops (D:11)
  Maurice (D:8)
  A gargoyle (D:10)
  A komodo dragon (D:10)
  A hornet (D:11)
  2 shadows (D:11)
  2 wraiths
  Eustachio (D:5)
  10 yaks
  4 vampire mosquitoes (D:11)
  A steam dragon (D:9)
  A warg (D:9)
  An acid dragon (D:11)
  A water moccasin (D:8)
  2 orc warriors
  2 sky beasts (D:7)
  2 black bears (D:10)
  An ice beast (D:6)
  4 centaurs
  A phantom (D:5)
  5 kobold brigands
  3 bullfrogs
  5 scorpions
  A wyvern zombie (D:5)
  4 wights
  4 killer bees
  2 howler monkeys
  A centaur zombie (D:5)
  2 hounds
  5 orc priests
  3 iguanas
  11 orc wizards
  A scorpion zombie (D:5)
  2 killer bee zombies (D:5)
  25 gnolls
  3 adders
  2 shadow imps
  3 white imps
  3 ufetubi
  A worm (D:5)
  A dart slug (D:3)
  34 orcs
  6 endoplasms
  4 giant cockroaches
  9 goblins
  9 hobgoblins
  10 jackals
  2 quokkas
  10 ball pythons
  4 bats
  4 frilled lizards
  11 kobolds
  6 rats
238 creatures vanquished.

Vanquished Creatures (others)
  The ghost of lesbiats the Grappler, a novice TrFi of Wu Jian (D:8)
  A hornet (D:8)
  A troll (D:10)
  A vampire mosquito (D:11)
  2 orc warriors
  A kobold brigand (D:9)
  A bullfrog (D:8)
  2 wights (D:8)
  9 killer bees
  A hound (D:6)
  A gnoll bouda (D:8)
  A gnoll (D:8)
  A shadow imp (D:8)
  An orc (D:9)
  3 kobolds
  9 fungi (D:10)
  31 plants
67 creatures vanquished.

Grand Total: 313 creatures vanquished

Notes
Turn   | Place    | Note
-------+----------+-------------------------------------------
     0 | D:1      | cforsyth the Tengu Summoner began the quest for the Orb.
     0 | D:1      | Reached XP level 1. HP: 10/10 MP: 4/4
   139 | D:1      | Reached skill level 5 in Summonings
   148 | D:1      | Reached XP level 2. HP: 12/15 MP: 3/6
   151 | D:1      | Learned a level 2 spell: Call Imp
   546 | D:1      | Reached XP level 3. HP: 19/19 MP: 3/7
   550 | D:1      | Learned a level 3 spell: Call Canine Familiar
  1786 | D:2      | Found a faded altar of an unknown god.
  2079 | D:3      | Reached XP level 4. HP: 24/24 MP: 5/9
  2537 | D:3      | Reached skill level 6 in Summonings
  2733 | D:3      | Learned a level 3 spell: Summon Guardian Golem
  2838 | D:3      | Found a large runed translucent door.
  2839 | D:3      | Found a large runed translucent door.
  2842 | D:3      | Noticed Esekla's ghost (weakling VSDe)
  3140 | D:4      | Gained mutation: Your magical nature lets you fly swiftly
                  | and evasively. [Tengu growth]
  3140 | D:4      | Reached XP level 5. HP: 28/28 MP: 2/11
  3528 | D:4      | Noticed a hornet
  3556 | D:4      | Killed a hornet
  3557 | D:4      | Reached skill level 7 in Summonings
  3557 | D:4      | Reached XP level 6. HP: 32/32 MP: 1/14
  3725 | D:4      | Reached XP level 7. HP: 36/36 MP: 15/15
  3918 | D:4      | Reached skill level 5 in Spellcasting
  3994 | D:4      | Reached skill level 8 in Summonings
  4045 | D:4      | Found Rezynum's Antique Weapon Emporium.
  4216 | D:4      | Found a shadowy altar of Dithmenos.
  4216 | D:4      | Found a faded altar of an unknown god.
  4223 | D:4      | Found a bloodstained altar of Trog.
  4225 | D:4      | Found a radiant altar of Vehumet.
  4227 | D:4      | Found a faded altar of an unknown god.
  4483 | D:5      | Entered Level 5 of the Dungeon
  4804 | D:5      | Found a basalt altar of Yredelemnul.
  4810 | D:5      | Reached XP level 8. HP: 41/41 MP: 16/18
  4821 | D:5      | Reached skill level 9 in Summonings
  4881 | D:5      | Noticed Eustachio
  4984 | D:5      | Killed Eustachio
  5032 | D:5      | Found a shimmering blue altar of Sif Muna.
  5081 | D:5      | Learned a level 4 spell: Summon Lightning Spire
  5317 | D:5      | Found a blossoming altar of Fedhas.
  5554 | D:6      | Reached skill level 10 in Summonings
  5694 | D:6      | Found a staircase to the Ecumenical Temple.
  5705 | Temple   | Entered the Ecumenical Temple
  5712 | Temple   | Became a worshipper of Gozag Ym Sagoz the Greedy
  5801 | D:6      | Reached XP level 9. HP: 45/45 MP: 16/21
  6627 | D:7      | Reached skill level 11 in Summonings
  7350 | D:7      | Found a glowing golden altar of the Shining One.
  7771 | D:8      | Reached skill level 12 in Summonings
  7977 | D:8      | Found a runed translucent door.
  7977 | D:8      | Noticed lesbiats's ghost (novice TrFi)
  8146 | D:8      | Noticed Maurice
  8167 | D:8      | Killed Maurice
  8168 | D:8      | Reached XP level 10. HP: 50/50 MP: 18/24
  8372 | D:8      | Reached skill level 13 in Summonings
  9057 | D:8      | Killed lesbiats's ghost
  9058 | D:8      | Reached skill level 10 in Spellcasting
  9662 | D:9      | Found a staircase to the Orcish Mines.
  9662 | D:9      | Noticed Erolcha
  9677 | D:9      | Killed Erolcha
  9678 | D:9      | Reached skill level 14 in Summonings
  9794 | D:9      | Reached XP level 11. HP: 53/54 MP: 15/26
 10079 | D:9      | Found a broken altar of Ashenzari.
 10168 | D:10     | Entered Level 10 of the Dungeon
 10170 | D:10     | Found a portal to a secret trove of treasure.
 10334 | D:10     | Reached skill level 15 in Summonings
 10376 | D:10     | Noticed an obsidian statue
 10419 | D:10     | Found an ornate altar of the Wu Jian Council.
 10911 | D:10     | Found a sparkling altar of Nemelex Xobeh.
 11128 | D:10     | Found a staircase to the Lair.
 11735 | D:11     | Noticed a cyclops
 11753 | D:11     | Killed a cyclops
 12142 | D:11     | Noticed a stone giant
 12143 | D:11     | Noticed a deep troll
 12157 | D:11     | Noticed a deep elf pyromancer
 12245 | D:11     | Identified the +3 flail of the Median {antimagic, rF- rN+
                  | Str+2}
 12275 | D:11     | Killed a deep elf pyromancer
 12278 | D:11     | Killed a deep troll
 12544 | D:11     | Identified the +1 dagger "Beast's Death Toll" {speed,
                  | +Blink rElec}
 12833 | D:11     | Reached skill level 16 in Summonings
 12847 | D:11     | Noticed an orc knight
 12886 | D:11     | Shot with an arrow by an orc knight

Illustrated notes

Levels and vault maps discovered:
D:1:      lemuel_arrival_rhombus, layout_loops_corners
D:2:      layout_rooms, shapermc_ecumenical_altar_petra
D:3:      layout_loops_ring, ebering_ghost_disaster_area
D:4:      layout_loops_corners, chequers_temple_overflow_minitemple,
          serial_shops, nicolae_shop_hallway_plus, serial_bayou_lagoon_b
D:5:      layout_gridville, nicolae_overflow_crystal_walls,
          mainiacjoe_overflow_tiny_flanked, nicolae_yredelemnul_corpse_copse,
          uniq_eustachio
D:6:      layout_loops_cross, minmay_temple_entry_statues_fountains,
          chequers_jeans
D:7:      layout_rooms, mainiacjoe_overflow_surrounded_room
D:8:      minmay_four_partial_circles, layout_gridville, gammafunk_ghost_grave,
          minmay_misc_feat_secret_circle, nicolae_fountain_basement,
          uniq_maurice
D:9:      layout_cross, ashenzari_conservatory_becter, david_orc_3, uniq_erolcha
D:10:     minmay_separated_statues, layout_loops_corners,
          nemelex_spade_bored_becter, nzn_wu_jian_council_hall,
          grunt_lair_entry_orc_guard_hut, nicolae_trove_entry_free_sample,
          minmay_between
D:11:     minmay_mutant_horseshoe, layout_basic
Temple:   nicolae_temple_x_marks_the_god

Skill      XL: |  1  2  3  4  5  6  7  8  9 10 11 |
---------------+----------------------------------+-----
Summonings     | 5 6 7 8 10 12 14 16 | 16.0
Spellcasting   | 3 4 6 7 9 10 12 | 12.2
Dodging        | |  2.1
Stealth        | |  2.0

Action                     |  1- 3 |  4- 6 |  7- 9 | 10-12 || total
---------------------------+-------+-------+-------+-------++-------
  Melee: Unarmed           |    12 |       |    15 |    15 ||    42
         Peck              |     4 |       |     4 |     6 ||    14
         Kick              |     3 |       |     3 |     6 ||    12
         Punch             |       |       |     1 |       ||     1
         Dagger            |       |       |       |     1 ||     1
   Cast: Summon Small Mamm |    45 |    16 |    33 |    25 ||   119
         Call Imp          |    11 |    10 |    14 |    12 ||    47
         Call Canine Famil |    12 |     9 |    30 |    31 ||    82
         Summon Guardian G |       |     2 |    23 |    31 ||    56
         Summon Lightning  |       |       |     5 |    22 ||    27
    Use: Scroll            |     3 |     2 |     9 |     7 ||    21
   Stab: Distracted        |       |       |     1 |       ||     1
 Armour: Robe              |    10 |     3 |     6 |     9 ||    28
  Dodge: Dodged            |    26 |    12 |    70 |    63 ||   171
  Block: Other             |     1 |     5 |    20 |    20 ||    46
         Reflection        |       |     2 |     1 |     4 ||     7

Table legend: (Time is in decaauts)
 A = Elapsed time spent in this place.
 B = Non-inter-level travel time spent in this place.
 C = Inter-level travel time spent in this place.
 D = Time resting spent in this place.
 E = Time spent auto-exploring this place.
 F = Levels seen in this place.
 G = Mean time per level.
                   A        B        C        D        E       F      G
               +--------+--------+--------+--------+--------+-----+--------+
         Total |  12385 |  12101 |    284 |   1227 |   8000 |  12 | 1032.1 |
       Dungeon |  12372 |  12094 |    278 |   1227 |   8000 |  11 | 1124.7 |
        Temple |     13 |      7 |      6 |      0 |      0 |   1 |   13.0 |
               +--------+--------+--------+--------+--------+-----+--------+

Top non-repeatable levels by time:
     D:8: 1937 daAuts
     D:1: 1545 daAuts
    D:11: 1418 daAuts
     D:4: 1268 daAuts
    D:10: 1157 daAuts
     D:6: 1103 daAuts
     D:3: 1063 daAuts
     D:5: 1014 daAuts
     D:7: 840 daAuts
     D:2: 516 daAuts
     D:9: 506 daAuts
  Temple: 13 daAuts
